 Dungeon Crawl Stone Soup version 0.21-a0-516-gaaff437 (webtiles) character file.

9082 Ghella the Basher (level 11, 0/50 HPs)
             Began as a Vine Stalker Fighter on Dec 3, 2017.
             Was an Elder of Makhleb.
             Succumbed to a killer bee's poison
             ... on level 10 of the Dungeon.
             The game lasted 00:27:14 (10597 turns).

Ghella the Basher (Vine Stalker Fighter)           Turns: 10597, Time: 00:27:15

Health: 0/50       AC:  9    Str: 22    XL:     11   Next: 40%
Magic:  7/17       EV:  6    Int: 10    God:    Makhleb [****..]
Gold:   421        SH: 13    Dex: 14    Spells: 10/10 levels left

rFire    . . .     SeeInvis .   B - +0 mace (crush)
rCold    . . .     Gourm    .   c - +0 shield
rNeg     . . .     Faith    .   l - +0 plate armour
rPois    .         Spirit   +   (no helmet)
rElec    .         Reflect  +   (no cloak)
rCorr    .         Harm     .   (no gloves)
MR       +....                  y - +0 pair of boots
Stlth    ..........             t - +2 amulet of reflection
HPRegen  0.56/turn              o - +6 ring of slaying
MPRegen  0.15/turn              (no ring)

@: lethally poisoned (0 -> -7)
A: fangs 3, clever 1, deformed body, frail 1, regeneration 1, magic shield,
antimagic bite, no potion heal 3, rot immunity
a: Minor Destruction, Lesser Servant of Makhleb, Major Destruction, Renounce
Religion


You were on level 10 of the Dungeon.
You worshipped Makhleb.
Makhleb was greatly pleased with you.
You were hungry.

You visited 1 branch of the dungeon, and saw 10 of its levels.
You also visited: Ossuary.

You collected 595 gold pieces.
You spent 174 gold pieces at shops.

Inventory:

Hand Weapons
 b - a +4 arbalest of flaming
 B - a +0 mace of crushing (weapon)
 M - a +0 dire flail of holy wrath
Armour
 c - a +0 shield (worn)
 l - a +0 plate armour (worn)
 y - a +0 pair of boots (worn)
Jewellery
 o - a +6 ring of slaying (left hand)
 t - a +2 amulet of reflection (around neck)
 H - an uncursed ring of teleportation
Wands
 v - a wand of digging (12)
 z - a wand of flame (15)
 C - a wand of iceblast (9)
 L - a wand of paralysis (12)
Scrolls
 g - 7 scrolls of remove curse
 i - 2 scrolls of noise
 k - 14 scrolls of identify
 m - 3 scrolls of amnesia
 p - 3 scrolls of magic mapping
 D - 5 scrolls of immolation
 J - a scroll of teleportation {unknown}
Potions
 d - 3 potions of might
 h - 3 potions of haste
 n - 7 potions of flight
 q - a potion of magic
 s - a potion of resistance {unknown}
 u - a potion of agility {unknown}
 w - 2 potions of mutation {unknown}
 x - 2 potions of ambrosia {unknown}
 A - a potion of brilliance
Books
 E - a book of Party Tricks

   Spells                             Type                      Level
   a - Summon Butterflies             Summoning                    1
   b - Apportation                    Translocation                1
   c - Lesser Beckoning               Translocation                3
   d - Tukima's Dance                 Hexes                        3
   e - Alistair's Intoxication        Transmutation/Poison         5
   f - Invisibility                   Hexes                        6
 N - a book of Maledictions

   Spells                             Type                      Level
   a - Corona                         Hexes                        1
   b - Ensorcelled Hibernation        Hexes/Ice                    2
   c - Confuse                        Hexes                        3
   d - Tukima's Dance                 Hexes                        3
   e - Dazzling Spray                 Conjuration/Hexes            3
Comestibles
 a - 3 royal jellies
 f - 8 bread rations
 F - 3 meat rations
 G - 3 fruits


   Skills:
 + Level 5.7 Fighting
 + Level 9.3 Maces & Flails
 + Level 7.3 Armour
 - Level 1.6 Dodging
 - Level 0.6 Stealth
 + Level 7.4 Shields
 * Level 6.9 Invocations
 + Level 0.1 Evocations


You had 10 spell levels left.
You didn't know any spells.

Dungeon Overview and Level Annotations

Branches:
Dungeon (10/15)            Temple (0/1) D:7            Lair (0/6) D:10
    Orc: D:9-12

Altars:
Dithmenos
Elyvilon
Gozag
Makhleb
Nemelex Xobeh
Sif Muna
Trog
Wu Jian
Zin

Shops:
D:6 }=   D:9 !*

Annotations:
D:5 Prince Ribbit, Sigmund
D:6 1 runed door, Gerstahl's ghost, novice DsWn
D:8 brew9's ghost, legendary GrFi


Innate Abilities, Weirdness & Mutations

You have razor-sharp teeth.
Your natural rate of healing is unusually fast.
When hurt, damage is shared between your health and your magic reserves.
Your bite disrupts and absorbs the magic of your enemies.
Potions cannot restore your health.
You are immune to rotting.
Your mind is acute. (Int +2)
Armour fits poorly on your strangely shaped body.
You are frail. (-10% HP)


Message History

* * * LOW HITPOINT WARNING * * *
You feel sick. You block the killer bee's attack. The killer bee stings you.
* * * LOW HITPOINT WARNING * * *
You sock the killer bee!
You kill the killer bee!
Makhleb accepts your kill.
* * * LOW HITPOINT WARNING * * *
You feel sick.
Unknown command.
Your magical effects are unravelling.
You feel magically purged.
You feel less wooden.
Your +0 pair of boots unmelds from your body.
Your +0 plate armour unmelds from your body.
* * * LOW HITPOINT WARNING * * *
You feel sick.
Okay, then.
There is a lethal amount of poison in your body!
There is a lethal amount of poison in your body!
You die...

# # # ################
# #....#.........# #
+....#.........# #
#....#.........# # P.
#....#.....#...#
....♣#....#.....#.y.#
...♣.....@†.....#yy.#
.P.P.......#.....#...#
.....♣♣....#######y..#
...♣P.♣.....#...# ...#
>......P....'...# ...#
.......♣..........#...#
........PP...P.########
......♣.......#.......
......♣.......#.......


There were no monsters in sight!

Vanquished Creatures
  2 two-headed ogres
  2 ugly things (D:10)
  A troll (D:9)
  2 hippogriffs
  A spriggan (D:7)
  A shadow (D:8)
  A wraith (D:7)
  13 yaks
  A steam dragon (D:10)
  An acid dragon (D:9)
  A water moccasin (D:4)
  A porcupine (D:10)
  5 orc warriors
  2 sky beasts
  2 ice beasts
  A phantom (D:4)
  2 crocodiles (D:10)
  2 centaurs (D:10)
  An ogre (D:7)
  2 big kobolds
  2 bullfrogs
  3 scorpions
  A wyvern skeleton (D:10)
  4 killer bees (D:10)
  2 howler monkeys (D:4)
  3 crimson imps
  2 bullfrog zombies (D:5)
  2 human zombies (Ossuary)
  2 centaur zombies
  3 jellies
  6 orc priests
  A bullfrog skeleton (D:5)
  2 hounds (D:10)
  9 orc wizards
  2 iguanas
  Natasha (thrice) (D:3)
  8 worker ants
  Terence (D:3)
  2 big kobold zombies (Ossuary)
  2 mummies (Ossuary)
  A worker ant zombie (D:9)
  10 adders
  4 gnolls
  3 shadow imps
  A white imp (D:8)
  An ooze (D:6)
  2 adder skeletons
  A worm (D:2)
  2 dart slugs (D:1)
  3 leopard geckos
  32 orcs
  2 giant cockroaches
  4 goblins
  4 hobgoblins
  9 jackals
  7 quokkas
  6 ball pythons
  5 bats
  5 frilled lizards
  A goblin zombie (Ossuary)
  A hobgoblin zombie (Ossuary)
  A jackal zombie (D:6)
  11 kobolds
  A kobold zombie (Ossuary)
  An orc zombie (Ossuary)
  2 quokka skeletons
  8 rats
  A butterfly (D:7)
233 creatures vanquished.

Vanquished Creatures (others)
  A yak (D:10)
  A centaur (D:9)
  4 bushes (D:10)
  4 fungi (D:10)
  12 plants (D:10)
22 creatures vanquished.

Grand Total: 255 creatures vanquished

Notes
Turn   | Place    | Note
-------+----------+-------------------------------------------
     0 | D:1      | Ghella the Vine Stalker Fighter began the quest for the Orb.
     0 | D:1      | Reached XP level 1. HP: 11/11 MP: 2/2
   618 | D:1      | Reached XP level 2. HP: 16/16 MP: 3/3
  1157 | D:2      | Reached skill level 2 in Maces & Flails
  1193 | D:2      | Found a sparkling altar of Nemelex Xobeh.
  1262 | D:2      | Found a faded altar of an unknown god.
  1418 | D:2      | Reached XP level 3. HP: 14/20 MP: 2/4
  1485 | D:2      | Found a burning altar of Makhleb.
  1517 | D:2      | Became a worshipper of Makhleb the Destroyer
  1519 | D:2      | Noticed a phantom
  1833 | D:2      | Found an opulent altar of Gozag.
  1904 | D:3      | Found a sparkling altar of Nemelex Xobeh.
  1920 | D:3      | Found a white marble altar of Elyvilon.
  1949 | D:3      | Noticed Terence
  1961 | D:3      | Killed Terence
  1961 | D:3      | Reached skill level 3 in Maces & Flails
  1961 | D:3      | Gained mutation: Your natural rate of healing is unusually fast. [Vine Stalker growth]
  1961 | D:3      | Reached XP level 4. HP: 19/24 MP: 3/5
  1982 | D:3      | Noticed Natasha
  1996 | D:3      | Killed Natasha
  2006 | D:3      | Noticed Natasha
  2023 | D:3      | Killed Natasha
  2023 | D:3      | Reached XP level 5. HP: 8/28 MP: 6/6
  2274 | D:3      | Noticed Natasha
  2851 | D:3      | Reached * piety under Makhleb
  2864 | D:3      | Reached XP level 6. HP: 23/32 MP: 5/7
  3051 | D:3      | Killed Natasha
  3304 | D:4      | Reached skill level 4 in Maces & Flails
  3304 | D:4      | Reached skill level 1 in Dodging
  3469 | D:4      | Reached XP level 7. HP: 26/36 MP: 8/8
  3735 | D:4      | Reached ** piety under Makhleb
  3784 | D:4      | Reached skill level 5 in Maces & Flails
  3964 | D:4      | Found a bloodstained altar of Trog.
  4179 | D:5      | Entered Level 5 of the Dungeon
  4196 | D:5      | Gained mutation: You have razor-sharp teeth. [Vine Stalker growth]
  4196 | D:5      | Reached XP level 8. HP: 33/42 MP: 9/9
  4252 | D:5      | Noticed Sigmund
  4599 | D:5      | Found a glowing silver altar of Zin.
  4760 | D:5      | Noticed Prince Ribbit
  4892 | D:6      | Found Hyroaz's Gadget Shop.
  4914 | D:6      | Reached skill level 5 in Shields
  5232 | D:6      | Reached skill level 6 in Maces & Flails
  5294 | D:6      | Found Vughejan's Jewellery Boutique.
  5297 | D:6      | Bought a +2 amulet of reflection for 105 gold pieces
  5332 | D:6      | Noticed Gerstahl's ghost (novice DsWn)
  5997 | D:7      | Reached skill level 1 in Invocations
  6192 | D:7      | Noticed a wraith
  6215 | D:7      | Killed a wraith
  6215 | D:7      | Reached skill level 5 in Armour
  6215 | D:7      | Reached XP level 9. HP: 42/46 MP: 11/11
  6496 | D:7      | Found a staircase to the Ecumenical Temple.
  6672 | D:7      | Reached *** piety under Makhleb
  6867 | D:7      | Found a deep blue altar of Sif Muna.
  6930 | D:6      | Found a runed door.
  7549 | D:8      | Found a sand-covered staircase.
  7558 | Ossuary  | Entered an ossuary
  7574 | Ossuary  | Reached skill level 7 in Maces & Flails
  7599 | Ossuary  | Identified a scroll of acquirement
  8103 | D:8      | Reached XP level 10. HP: 47/51 MP: 11/14
  8279 | D:8      | Noticed brew9's ghost (legendary GrFi)
  8398 | D:9      | Noticed a two-headed ogre
  8400 | D:9      | Found an ornate altar of the Wu Jian Council.
  8417 | D:9      | Reached skill level 5 in Fighting
  8425 | D:9      | Killed a two-headed ogre
  8425 | D:9      | Reached **** piety under Makhleb
  8425 | D:9      | Reached skill level 8 in Maces & Flails
  8568 | D:9      | Reached skill level 5 in Invocations
  8705 | D:9      | Gained mutation: Your mind is acute. (Int +2) [mutagenic meat]
  8706 | D:9      | Gained mutation: Armour fits poorly on your strangely shaped body. [mutagenic meat]
  8707 | D:9      | Gained mutation: You are frail. (-10% HP) [mutagenic meat]
  8716 | D:9      | Found Lustrem's Assorted Antiques.
  8722 | D:9      | Found Voozxonere's Distillery.
  8724 | D:9      | Bought a red potion for 21 gold pieces
  8724 | D:9      | Bought a scroll labeled OXTIBY OHUCSA for 24 gold pieces
  8724 | D:9      | Bought a scroll labeled VOPNUME ORHOFE for 24 gold pieces
  9238 | D:10     | Entered Level 10 of the Dungeon
  9336 | D:10     | Found a shadowy altar of Dithmenos.
  9527 | D:10     | Noticed a two-headed ogre
  9586 | D:10     | Killed a two-headed ogre
  9787 | D:10     | Noticed a green ugly thing
  9833 | D:10     | HP: 2/45 [poisoned by a green ugly thing]
  9868 | D:10     | Killed a green ugly thing
  9868 | D:10     | Reached XP level 11. HP: 26/50 MP: 6/16
 10215 | D:10     | Reached skill level 9 in Maces & Flails
 10447 | D:10     | Noticed a purple ugly thing
 10453 | D:10     | Killed a purple ugly thing
 10551 | D:10     | Found a staircase to the Lair.
 10596 | D:10     | HP: 1/50 [poisoned by a killer bee]
 10597 | D:10     | Succumbed to a killer bee's poison

Vault maps used:
D:1:      dpeg_arrival_pond, grunt_decor_fettered, minivault_19,
          serial_bayou_pond_e, corexii_corridor_pit
D:2:      lemuel_doored_altar, nicolae_overflow_crystal_walls,
          chequers_ecumenical_altar_simple, nemelex_xobeh_ov_fountains_minmay
D:3:      overflow_temple_1_default, elyvilon_altar_5, uniq_terence,
          uniq_natasha
D:4:      nicolae_overflow_hidden_temple, first_bread, minmay_joined_circles
D:5:      lemuel_round_altar, uniq_sigmund, uniq_prince_ribbit1
D:6:      serial_shops, shop, shop, lightli_church_of_beogh
D:7:      minmay_temple_entry_butterflies, the_bakery, tgw_sif
D:8:      grunt_temple_overflow_diamond, enter_ossuary_1, minmay_fire_ice_demons
D:9:      old_standard_altar, serial_shops, shop, shop
D:10:     minmay_lair_entry_grove, serial_shops, shop,
          nicolae_dithmenos_through_a_glass_darkly
Ossuary:  ossuary_crypta

Skill      XL: |  1  2  3  4  5  6  7  8  9 10 11 |
---------------+----------------------------------+-----
Fighting       | 3 4 5 |  5.7
Maces & Flails | 2 3 4 5 6 7 8 9 |  9.3
Shields        | 3 4 5 6 7 |  7.4
Armour         | 3 4 5 6 7 |  7.3
Dodging        | 1 |  1.6
Invocations    | 2 4 5 6 |  6.9
Stealth        | |  0.6
Evocations     | |  0.1

Action                   |  1- 3 |  4- 6 |  7- 9 | 10-12 || total
-------------------------+-------+-------+-------+-------++-------
Melee: Flail             |    86 |   176 |   134 |       ||   396
       Bite              |    18 |    41 |   109 |    60 ||   228
       Mace              |       |       |   211 |   205 ||   416
Invok: Minor Destruction |       |       |     1 |    16 ||    17
       Major Destruction |       |       |       |     1 ||     1
Evoke: Wand              |       |       |     2 |       ||     2
  Use: Scroll            |     1 |     2 |    11 |     2 ||    16
       Potion            |       |       |    10 |     9 ||    19
 Stab: Distracted        |       |     1 |       |       ||     1
  Eat: Chunk             |     3 |     5 |     8 |    11 ||    27
       Meat ration       |       |       |     1 |       ||     1
       Royal jelly       |       |       |     1 |       ||     1
Armor: Scale mail        |    27 |    70 |    86 |       ||   183
       Plate armour      |       |       |    16 |    71 ||    87
       Skin              |       |       |       |    17 ||    17
Dodge: Dodged            |    21 |    58 |    94 |    44 ||   217
Block: Shield            |    34 |   104 |   179 |   151 ||   468
       Reflection        |       |       |     2 |     7 ||     9

Table legend:
 A = Spawn XP
 B = Non-spawn XP
 C = Spawn XP percentage of total XP
 D = Spawn monster count
 E = Non-spawn monster count
 F = Spawn count percentage of total count
 G = Total turns spent on level
                    A         B        C        D         E        F      G
               +---------+---------+-------+---------+---------+-------+---------
         Total |       0 |   12975 |   0.0 |       0 |     234 |   0.0 | 10597
               +---------+---------+-------+---------+---------+-------+---------
           D:1 |       0 |      19 |   0.0 |       0 |      10 |   0.0 |  1284
           D:2 |       0 |      28 |   0.0 |       0 |      16 |   0.0 |   671
           D:3 |       0 |     356 |   0.0 |       0 |      31 |   0.0 |  1232
           D:4 |       0 |     723 |   0.0 |       0 |      29 |   0.0 |  1245
           D:5 |       0 |     412 |   0.0 |       0 |      13 |   0.0 |   662
           D:6 |       0 |     926 |   0.0 |       0 |      22 |   0.0 |   748
           D:7 |       0 |    1179 |   0.0 |       0 |      24 |   0.0 |  1664
           D:8 |       0 |     943 |   0.0 |       0 |      19 |   0.0 |   571
           D:9 |       0 |    2975 |   0.0 |       0 |      28 |   0.0 |   928
          D:10 |       0 |    5235 |   0.0 |       0 |      32 |   0.0 |  1359
       Ossuary |       0 |     179 |   0.0 |       0 |      10 |   0.0 |   233
               +---------+---------+-------+---------+---------+-------+---------
